 Dungeon Crawl Stone Soup version 0.20.1-1-g8b1a95d66d (webtiles) character file.

146 Mazzart the Charmwright (level 5, -3/36 HPs)
             Began as a Halfling Skald on June 23, 2018.
             Was an Initiate of Okawaru.
             Slain by a goblin
             ... wielding a +0 dagger
             ... led by Robin
              (4 damage)
             ... on level 3 of the Dungeon.
             The game lasted 00:27:02 (3531 turns).

Mazzart the Charmwright (Halfling Skald)            Turns: 3531, Time: 00:27:03

Health: -3/36      AC: 10    Str: 12    XL:     5   Next: 53%
Magic:  7/7        EV: 12    Int: 11    God:    Okawaru [......]
Gold:   95         SH:  0    Dex: 15    Spells: 6/7 levels left

rFire    . . .     SeeInvis .   I - +0 flail
rCold    . . .     Gourm    .   (shield restricted)
rNeg     . . .     Faith    .   E - +0 scale mail (curse)
rPois    .         Spirit   .   (no helmet)
rElec    .         Reflect  .   w - scarf {repulsion}
rCorr    .         Harm     .   m - +2 pair of gloves
MR       .....                  H - +0 pair of boots
Stlth    ..........             (no amulet)
Regen    0.2/turn               g - ring of loudness (curse)
MPRegen  0.1/turn               (no ring)

@: lethally poisoned (-3 -> -6), repel missiles
A: mutation resistance 1
a: Renounce Religion


You were on level 3 of the Dungeon.
You worshipped Okawaru.
Okawaru was noncommittal.
You were not hungry.

You visited 1 branch of the dungeon, and saw 3 of its levels.

You collected 95 gold pieces.

Inventory:

Hand Weapons
 a - a +0 falchion
 D - a +0 whip
 I - a +0 flail (weapon)
Missiles
 f - 39 stones (quivered)
 o - 13 bolts
Armour
 b - a +0 leather armour
 l - a +0 robe
 m - a +2 pair of gloves (worn)
 r - a +0 ring mail
 u - a +0 scale mail
 w - a scarf of repulsion (worn)
 C - a +0 robe
 E - a cursed +0 scale mail (worn)
 H - a +0 pair of boots (worn)
Jewellery
 g - a cursed ring of loudness (left hand)
Scrolls
 h - 3 scrolls of teleportation {unknown}
 i - a scroll of random uselessness {unknown}
 j - 2 scrolls of amnesia {unknown}
 n - 2 scrolls of recharging {unknown}
 s - a scroll of remove curse {unknown}
 t - a scroll of blinking {unknown}
 v - a scroll of enchant armour {unknown}
 y - a scroll of immolation {unknown}
 A - 2 scrolls of fear {unknown}
 F - 2 scrolls of identify {unknown}
Potions
 k - 2 potions of flight {unknown}
 p - a potion of cancellation {unknown}
 q - a potion of heal wounds {unknown}
 B - a potion of curing {unknown}
 G - a potion of ambrosia {unknown}
Books
 c - a book of Battle

   Spells                             Type                      Level
   a - Infusion                       Charms                       1
   b - Shroud of Golubria             Charms/Translocation         2
   c - Song of Slaying                Charms                       2
   d - Spectral Weapon                Hexes/Charms                 3
   e - Regeneration                   Charms/Necromancy            3
 J - a book of Minor Magic

   Spells                             Type                      Level
   a - Magic Dart                     Conjuration                  1
   b - Blink                          Translocation                2
   c - Call Imp                       Summoning                    2
   d - Slow                           Hexes                        2
   e - Conjure Flame                  Conjuration/Fire             3
   f - Mephitic Cloud                 Conjuration/Poison/Air       3
Comestibles
 d - 2 bread rations
 x - a royal jelly
 z - 2 meat rations
 K - 4 chunks of flesh


   Skills:
 * Level 2.8 Fighting
 + Level 3.1 Long Blades
 - Level 0.2 Throwing
 * Level 2.3 Armour
 + Level 2.9 Dodging
 + Level 0.2 Stealth
 + Level 1.7 Spellcasting
 + Level 3.7 Charms


You had 6 spell levels left.
You knew the following spells:

 Your Spells              Type           Power        Failure   Level  Hunger
a - Infusion              Chrm           #...         32%         1    ##.....


Dungeon Overview and Level Annotations

Branches:
Dungeon (3/15)

Altars:
Dithmenos
Okawaru
The Shining One

Annotations:
D:3 Robin; crossborder's ghost, amateur DsGl


Innate Abilities, Weirdness & Mutations

You are small and have problems with some larger weapons.
You are somewhat resistant to further mutation.


Message History

a dagger; a scroll labeled QUFA IREAFO; a goblin corpse
* * * LOW HITPOINT WARNING * * *
You feel sick. The goblin hits you but does no damage.
* * * LOW HITPOINT WARNING * * *
You feel sick.
The hobgoblin no longer looks unusually strong.
The goblin no longer looks unusually strong.
Robin roars a battlecry!
The goblins go into a battle-frenzy!
The goblin completely misses you.
* * * LOW HITPOINT WARNING * * *
You feel sick.
The goblin no longer looks unusually strong.
The goblin no longer looks unusually strong.
* * * LOW HITPOINT WARNING * * *
You feel sick.
* * * LOW HITPOINT WARNING * * *
You feel sick. Robin throws the goblin at you!
The goblin hits you with a dagger.
You die...

** *,############ *,*
,****,.(?..(.g)gg###.#
,,,,,,...)?gg).g.g...#
,*,***.#########.#####
**,***,* #g# **,,,,,*
#g# ,,,***** #g# *#.#
#g# #<# #@# #.# #.#
#.# #########.# #.#
#.........# #.#
#.######### #.# #.#
##.# #.# ...#####.#
.........#


You could see Robin, 3 hobgoblins and 4 goblins.

Vanquished Creatures
  3 gnolls (D:2)
  3 adders
  An ooze (D:1)
  3 worms
  3 dart slugs
  A leopard gecko (D:2)
  10 bats
  4 giant cockroaches
  7 goblins
  8 hobgoblins
  6 jackals
  A quokka (D:2)
  5 frilled lizards
  8 kobolds
  7 rats
70 creatures vanquished.

Notes
Turn   | Place    | Note
-------+----------+-------------------------------------------
     0 | D:1      | Mazzart the Halfling Skald began the quest for the Orb.
     0 | D:1      | Reached XP level 1. HP: 14/14 MP: 3/3
    30 | D:1      | Reached XP level 2. HP: 3/19 MP: 4/4
   645 | D:1      | Reached XP level 3. HP: 21/24 MP: 5/5
  1392 | D:2      | Reached XP level 4. HP: 26/29 MP: 6/6
  1475 | D:2      | Found a shadowy altar of Dithmenos.
  2069 | D:3      | Reached XP level 5. HP: 33/35 MP: 7/7
  2181 | D:3      | Found an iron altar of Okawaru.
  2235 | D:3      | Became a worshipper of Warmaster Okawaru
  2322 | D:3      | Found a glowing golden altar of the Shining One.
  2322 | D:3      | Noticed crossborder's ghost (amateur DsGl)
  3513 | D:3      | Noticed Robin
  3531 | D:3      | HP: 1/36 [poisoned by a goblin]
  3531 | D:3      | Slain by a goblin

Skill      XL: |  1  2  3  4  5 |
---------------+----------------+-----
Fighting       | 2 |  2.8
Armour         | 2 |  2.3
Long Blades    | 3 |  3.1
Throwing       | |  0.2
Dodging        | |  2.9
Stealth        | |  0.2
Spellcasting   | |  1.7
Charms         | |  3.7

Action                   |  1- 3 |  4- 6 || total
-------------------------+-------+-------++-------
Melee: Falchion          |    92 |   147 ||   239
       Flail             |       |    52 ||    52
Throw: Stone             |    27 |     7 ||    34
 Cast: Infusion          |       |     1 ||     1
  Use: Scroll            |       |     1 ||     1
  Eat: Chunk             |     2 |     7 ||     9
Armor: Leather armour    |    24 |       ||    24
       Scale mail        |     9 |   115 ||   124
       Ring mail         |     6 |       ||     6
       Skin              |       |     3 ||     3
Dodge: Dodged            |   100 |   171 ||   271
       Deflected         |     3 |     1 ||     4
       Rpst.: Falchion   |    41 |    40 ||    81
